 Dungeon Crawl Stone Soup version 0.30-a0-639-g3916f1956a (webtiles) character file.

Game seed: 12979440122648462048

2212 themarg the Trooper (level 9, -8/93 HPs)
             Began as a Troll Fighter on Jan 15, 2023.
             Was a Priest of Okawaru.
             Mangled by an orc warrior
             ... wielding a +0 trident
              (12 damage)
             ... on level 8 of the Dungeon.
             The game lasted 00:15:15 (5279 turns).

themarg the Trooper (Troll Fighter)                 Turns: 5279, Time: 00:15:16

Health: -8/93      AC:  4    Str: 28    XL:     9   Next: 13%
Magic:  8/9        EV: 11    Int:  4    God:    Okawaru [***...]
Gold:   258        SH:  5    Dex: 11    Spells: 8/8 levels left

rFire   + . .      SeeInvis .      - Unarmed
rCold   + . .      Faith    .    (no shield)
rNeg    . . .      Spirit   .    a - +0 robe
rPois   +          Reflect  +    (helmet restricted)
rElec   .          Harm     .    t - scarf {rC+ rF+}
rCorr   .          Rampage  .    (gloves unavailable)
Will    +....                    (boots unavailable)
Stlth   +                        g - amulet of reflection
HPRegen 1.15/turn                n - ring of poison resistance
MPRegen 0.11/turn                r - ring of willpower

@: mighty
A: large, unfitting armour, claws 3, regeneration 1, shaggy fur 1, tough skin 1
a: Renounce Religion, Heroism


You were on level 8 of the Dungeon.
You worshipped Okawaru.
Okawaru was most pleased with you.
You visited 1 branch of the dungeon, and saw 8 of its levels.

You collected 412 gold pieces.
You spent 154 gold pieces at shops.

Inventory:

Hand Weapons
 x - the +8 long sword "Dragonslayer" {pain, rCorr Str+3}
   (You found it on level 5 of the Dungeon)

   Str:       It affects your strength (+3).
   rCorr:     It protects you from acid and corrosion.
 y - the +1 dagger of Freezing Duty {venom, +Blink rF+ Str+4}
   (You found it on level 7 of the Dungeon)

   Str:       It affects your strength (+4).
   rF:        It protects you from fire.
   +Blink:    It lets you blink.
 J - a +1 heavy mace
Missiles
 e - 55 stones (quivered)
 B - a curare-tipped dart
 I - 2 javelins
Armour
 a - a +0 robe (worn)
 b - a +0 kite shield
 t - a scarf of resistance (worn)
Jewellery
 g - an amulet of reflection (around neck)
 n - a ring of poison resistance (left claw)
 r - a ring of willpower (right claw)
 K - an amulet of regeneration
Wands
 k - a wand of flame (12)
 m - a wand of mindburst (3)
 C - a wand of acid (8)
Scrolls
 d - a scroll of magic mapping {unknown}
 f - 2 scrolls of immolation
 j - 3 scrolls of enchant armour {unknown}
 l - 4 scrolls of teleportation
 o - 4 scrolls of vulnerability
 q - 4 scrolls of poison
 u - a scroll of fog {unknown}
 z - a scroll of amnesia {unknown}
Potions
 c - 3 potions of might
 h - 3 potions of flight
 i - a potion of mutation
 p - 2 potions of curing
 s - a potion of lignification
 v - a potion of cancellation
 w - a potion of invisibility {unknown}
 A - a potion of ambrosia {unknown}
 E - a potion of berserk rage {unknown}
 F - 3 potions of haste {unknown}
 G - a potion of attraction {unknown}
 H - a potion of degeneration {unknown}


   Skills:
 + Level 7.0 Fighting
 + Level 2.2 Throwing
 - Level 5.0 Dodging
 - Level 5.0 Shields
 - Level 5.0 Unarmed Combat
 + Level 2.3 Invocations


You had 8 spell levels left.
You didn't know any spells.
Your spell library contained the following spells:

 Spells                   Type           Power      Damage    Failure   Level
 Apportation              Tloc           0%         N/A       50%         1
 Kiss of Death            Conj/Necr      0%         2d5       50%         1
 Necrotise                Necr           0%         1d4       50%         1
 Confusing Touch          Hex            0%         N/A       86%         3
 Dispel Undead            Necr           0%         3d6       99%         4
 Irradiate                Conj/Tmut      0%         3d11      100%        5
 Iron Shot                Conj/Erth      0%         9d1       100%        6
 Storm Form               Tmut/Air       0%         N/A       100%        7
 Summon Small Mammal      Summ           Unusable   N/A       N/A         1

Dungeon Overview and Level Annotations

Branches:
Dungeon (8/15)             Temple (0/1) D:6
   Lair: D:8-11

Altars:
Ashenzari
Cheibriados
Gozag
Hepliaklqana
Okawaru
Trog
Uskayaw
The Shining One

Shops:
D:1 *

Annotations:
D:8 9 exclusions


Innate Abilities, Weirdness & Mutations

You are too large for most types of armour.
You have claws for hands.
Your natural rate of healing is unusually fast.
You are covered in fur. (AC +1)
You have tough skin. (AC +1)


Message History

You scratch the kobold.
You kill the kobold!
Okawaru accepts your kill.
The orc priest mumbles some strange prayers to Beogh against you.
Beogh smites you!
* * * LOW HITPOINT WARNING * * *
You feel very mighty all of a sudden. Something hits you.
* * * LOW HITPOINT WARNING * * *
Something shocks you.
* * * LOW HITPOINT WARNING * * *
It was a potion of curing.
You feel better. Something barely misses you.
You barely miss something. Something hits you but does no damage.
You miss something.
A sky beast appears from thin air!
Reactivating autopickup.
You block the sky beast's attack.
You mangle the sky beast!!
You kill the sky beast!
Okawaru accepts your kill.
Your base Fighting skill increases to level 7!
The orc hits you but does no damage.
The orc warrior hits you but does no damage.
You see here a sky beast corpse.
You claw the orc!
You kill the orc!
Okawaru accepts your kill. You block the orc warrior's attack.
You feel like a meek peon again. The orc warrior closely misses you.
Items here: ( )) †.
You barely miss the orc warrior.
The orc warrior hits you with a +0 trident!
* * * LOW HITPOINT WARNING * * *
You scratch the orc warrior.
The orc warrior is lightly wounded.
The orc priest mumbles some strange prayers to Beogh against you.
Beogh smites you!
* * * LOW HITPOINT WARNING * * *
The orc warrior hits you with a +0 trident!
You die...

#.##..K.o ##.#..K. ##......
#.....# #....#
#######)######
.......o.....#
#######o##..... #@# ####
#†# #.# ########### #.#
#.........# #.#
#.#######.######.# #.#
#..........#.########
#.###.###.####..........###
#.........# ##...###>....#


You could see an orc warrior and an orc priest.

Vanquished Creatures
  Sigmund (D:6)
  2 water moccasins
  3 sky beasts
  2 black bears
  An ice beast (D:7)
  An ogre (D:6)
  A centaur (D:7)
  2 kobold brigands
  A bullfrog (D:7)
  2 necrophages (D:5)
  A scorpion (D:5)
  3 killer bees (D:5)
  A howler monkey (D:6)
  4 jellies
  2 hounds
  2 iguanas
  Terence (D:2)
  7 orc wizards
  3 adders
  2 ufetubi
  A dart slug (D:4)
  25 orcs
  12 endoplasms
  4 giant cockroaches
  3 hobgoblins
  7 jackals
  4 quokkas
  3 ball pythons
  4 bats
  3 frilled lizards
  4 goblins
  12 kobolds
  3 rats
127 creatures vanquished.

Vanquished Creatures (others)
  A kobold (D:8)
1 creature vanquished.

Grand Total: 128 creatures vanquished

Notes
Turn   | Place    | Note
-------+----------+-------------------------------------------
     0 | D:1      | themarg the Troll Fighter began the quest for the Orb.
     0 | D:1      | Reached XP level 1. HP: 22/22 MP: 0/0
   317 | D:1      | Found Loqani's Assorted Antiques.
   332 | D:1      | Bought a scroll labelled ANAUCE QIASIRR for 22 gold pieces
   399 | D:1      | Reached XP level 2. HP: 29/29 MP: 1/1
   877 | D:2      | Got Sif Muna's Secrets of Coruscating Ozone
   979 | D:2      | Noticed Terence
   993 | D:2      | Killed Terence
   994 | D:2      | Reached XP level 3. HP: 33/36 MP: 2/2
  1609 | D:3      | Noticed a water moccasin
  1618 | D:3      | Killed a water moccasin
  1619 | D:3      | Reached skill level 3 in Fighting
  1619 | D:3      | Reached XP level 4. HP: 43/45 MP: 3/3
  1619 | D:3      | Reached XP level 5. HP: 51/53 MP: 4/4
  1781 | D:3      | Found an iron altar of Okawaru.
  1793 | D:3      | Became a worshipper of Warmaster Okawaru
  2271 | D:1      | Bought a potion of might for 88 gold pieces
  2271 | D:1      | Bought a scroll of identify for 44 gold pieces
  2337 | D:4      | Found a glowing golden altar of the Shining One.
  2749 | D:5      | Entered Level 5 of the Dungeon
  2761 | D:5      | Reached XP level 6. HP: 59/61 MP: 5/5
  2797 | D:5      | Reached * piety under Okawaru
  2934 | D:5      | Identified the +8 long sword "Dragonslayer" {pain, rCorr
                  | Str+3}
  2992 | D:5      | Found a snail-covered altar of Cheibriados.
  3004 | D:5      | Identified the +5 short sword of Fatigue {drain, Contam
                  | rElec rPois}
  3131 | D:5      | Reached XP level 7. HP: 68/68 MP: 6/6
  3155 | D:5      | Reached skill level 5 in Unarmed Combat
  3203 | D:5      | Reached skill level 4 in Fighting
  3399 | D:6      | Noticed Sigmund
  3413 | D:6      | Killed Sigmund
  3413 | D:6      | Reached ** piety under Okawaru
  3414 | D:6      | Reached skill level 5 in Shields
  3414 | D:6      | Reached XP level 8. HP: 34/79 MP: 7/7
  3671 | D:6      | Found a hide-covered altar of Uskayaw.
  3684 | D:6      | Reached skill level 5 in Fighting
  3684 | D:6      | Reached skill level 5 in Dodging
  3925 | D:6      | Found a bloodstained altar of Trog.
  3996 | D:6      | Found an opulent altar of Gozag.
  4069 | D:6      | Found a staircase to the Ecumenical Temple.
  4293 | D:7      | Reached skill level 6 in Fighting
  4485 | D:7      | Found a broken altar of Ashenzari.
  4509 | D:7      | Identified the +1 dagger of Freezing Duty {venom, +Blink
                  | rF+ Str+4}
  4525 | D:7      | Reached skill level 1 in Throwing
  4525 | D:7      | Reached skill level 1 in Invocations
  4565 | D:7      | Reached *** piety under Okawaru
  4746 | D:7      | Found a hazy altar of Hepliaklqana.
  4775 | D:7      | Reached XP level 9. HP: 92/92 MP: 9/9
  5275 | D:8      | Reached skill level 7 in Fighting
  5279 | D:8      | HP: 4/93 [orc priest/divine providence (12)]
  5279 | D:8      | Mangled by an orc warrior

Illustrated notes

Levels and vault maps discovered:
D:1:      mrwooster_arrival_statue_3, layout_rooms, serial_shops,
          nicolae_square_shop, nicolae_hexahallways, minmay_door_square,
          minmay_misc_feat_diagonals, minmay_misc_feat_room
D:2:      layout_loops_corners, uniq_terence
D:3:      layout_loops_ring, okawaru_metal_pillars_1_2
D:4:      layout_cave_pools, mainiacjoe_overflow_alcove_1, serial_glass,
          glass_columns_c, glass_columns_a, glass_columns_b, glass_columns_c,
          glass_columns_b, glass_columns_a
D:5:      layout_rooms, old_standard_altar
D:6:      layout_loops_ring, kennysheep_little_box, lemuel_doored_altar,
          nicolae_uskayaw_dance_studio, minmay_temple_entry_wispy, uniq_sigmund
D:7:      layout_loops_ring, nzn_hepliaklqana_mist_gate, ashenzari_altar_1,
          minmay_misc_feat_pillars
D:8:      layout_loops_corners, makhleb_grotto_becter,
          erik_lair_orcish_takeover, enter_bailey_4

Skill      XL: |  1  2  3  4  5  6  7  8  9 |
---------------+----------------------------+-----
Shields        | 3 4 5 |  5.0
Fighting       | 3 4 6 7 |  7.0
Dodging        | 3 4 5 |  5.0
Unarmed Combat | 3 4 5 |  5.0
Throwing       | 1 2 |  2.2
Invocations    | 1 2 |  2.3

Action                   |  1- 3 |  4- 6 |  7- 9 || total
-------------------------+-------+-------+-------++-------
Melee: Unarmed           |    86 |   137 |   218 ||   441
       Punch             |       |       |     5 ||     5
Invok: Heroism           |       |       |     1 ||     1
Evoke: Wand              |       |       |     5 ||     5
  Use: Scroll            |     1 |     5 |     2 ||     8
       Potion            |       |       |     2 ||     2
Armor: Robe              |    15 |    18 |    34 ||    67
Dodge: Dodged            |    13 |    37 |    82 ||   132
Block: Kite shield       |    55 |    81 |    24 ||   160
       Other             |       |       |    31 ||    31
       Reflection        |       |       |     1 ||     1

Table legend: (Time is in decaauts)
 A = Elapsed time spent in this place.
 B = Non-inter-level travel time spent in this place.
 C = Inter-level travel time spent in this place.
 D = Time resting spent in this place.
 E = Time spent auto-exploring this place.
 F = Levels seen in this place.
 G = Mean time per level.
                   A        B        C        D        E       F      G
               +--------+--------+--------+--------+--------+-----+--------+
         Total |   5275 |   5011 |    264 |     46 |   3837 |   8 |  659.4 |
       Dungeon |   5275 |   5011 |    264 |     46 |   3837 |   8 |  659.4 |
               +--------+--------+--------+--------+--------+-----+--------+

Top non-repeatable levels by time:
     D:6: 912 daAuts
     D:2: 862 daAuts
     D:1: 842 daAuts
     D:7: 723 daAuts
     D:3: 611 daAuts
     D:5: 607 daAuts
     D:4: 444 daAuts
     D:8: 271 daAuts
